 Dungeon Crawl Stone Soup version 0.28.0-53-g5a82cb258f (webtiles) character file.

Game seed: 6081337970570007221

268 SanguineChosen the Cudgeller (level 6, 0/38 HPs)
             Began as a Gargoyle Fighter on July 7, 2022.
             Frozen to death by an endoplasm (1 damage)
             ... on level 3 of the Dungeon.
             The game lasted 00:11:43 (3707 turns).

SanguineChosen the Cudgeller (Gargoyle Fighter)     Turns: 3707, Time: 00:11:43

Health: 0/38       AC: 11    Str: 18 (21) XL:     6   Next: 21%
Magic:  6/6        EV:  9    Int:  8 (9)  God:
Gold:   115        SH:  4    Dex:  6 (9)  Spells: 5/5 levels left

rFire   . . .      SeeInvis .   l - +0 mace (protect)
rCold   . . .      Faith    .   c - +0 buckler
rNeg    + . .      Spirit   .   b - +0 scale mail
rPois   ∞          Reflect  .   (no helmet)
rElec   +          Harm     .   (no cloak)
rCorr   .          Rampage  .   (no gloves)
Will    .....                   (no boots)
Stlth   ..........              (no amulet)
HPRegen 0.12/turn               (no ring)
MPRegen 0.10/turn               (no ring)

@: no status effects
A: sickness immunity, AC +4, negative energy resistance 1, electricity
resistance, torment resistance 1, petrification resistance
a: no special abilities


You were on level 3 of the Dungeon.
You visited 1 branch of the dungeon, and saw 3 of its levels.

You collected 115 gold pieces.

Inventory:

Hand Weapons
 l - a +0 mace of protection (weapon)
 o - a +3 spear
Armour
 b - a +0 scale mail (worn)
 c - a +0 buckler (worn)
Scrolls
 a - a scroll of blinking {unknown}
 d - a scroll of noise {unknown}
 e - a scroll of enchant weapon {unknown}
 f - a scroll of teleportation {unknown}
 g - a scroll of amnesia {unknown}
 j - a scroll of enchant armour {unknown}
 k - a scroll of immolation {unknown}
 m - a scroll of vulnerability {unknown}
 p - a scroll of fear {unknown}
Potions
 h - a potion of cancellation {unknown}
 i - a potion of magic {unknown}


   Skills:
 + Level 4.0 Fighting
 + Level 4.8 Maces & Flails
 + Level 4.3 Armour
 - Level 0.5 Dodging
 + Level 0.7 Stealth
 + Level 3.8 Shields


You had 5 spell levels left.
You didn't know any spells.
Your spell library contained the following spells:

 Spells                   Type           Power      Damage    Failure   Level
 Slow                     Hex            0%         N/A       86%         1
 Confusing Touch          Hex            0%         N/A       99%         3
 Vampiric Draining        Necr           0%         2d6       99%         3


Dungeon Overview and Level Annotations

Branches:
Dungeon (3/15)

Altars:
Gozag


Innate Abilities, Weirdness & Mutations

You are immune to sickness and miasma.
Your stone body is resilient. (AC +4)
You are immune to poison.
You resist negative energy. (rN+)
You are resistant to electric shocks. (rElec)
You are resistant to unholy torment.
You are immune to petrification.


Message History

The worm is heavily wounded.
The endoplasm hits you. The endoplasm barely misses you.
You hit the worm.
The worm is severely wounded.
The worm bites you but does no damage. The endoplasm freezes you.
You are frozen.
The endoplasm hits you but does no damage.
You hit the worm.
The worm is almost dead.
The endoplasm barely misses you. The endoplasm freezes you.
You are frozen.
The worm bites you but does no damage.
You completely miss the worm.
The worm is almost dead.
The endoplasm freezes you.
You are frozen.
* * * LOW HITPOINT WARNING * * *
The endoplasm hits you but does no damage.
The worm barely misses you.
It was a potion of degeneration.
There was something very wrong with that liquid.
You feel weakened.
You feel dopey.
You feel clumsy. The endoplasm closely misses you. The endoplasm freezes you.
You are frozen.
* * * LOW HITPOINT WARNING * * *
The endoplasm freezes you.
You are frozen.
* * * LOW HITPOINT WARNING * * *
The endoplasm hits you but does no damage.
The endoplasm misses you. The endoplasm freezes you.
You are frozen.
* * * LOW HITPOINT WARNING * * *
There is a transporter here.
You enter the transporter and appear at another place.
The endoplasm freezes you.
You are frozen.
You die...

.............###....###
...................##
##................######
##....#########........##
.(...##.......##.)......##
#....#8.##.##.8#.........#
.....#..##.##..#.........#
#....#.........#....>....#
#...©#....©...:#@J.......#
#....#.w......(#........>#
#.#..#.J##.##..#........##
#.#..#8.##.##.8#........##
#.#..##©......##.......(.#
#.#...#########..........#######
.........................##....#
...#...................).##....#
...#.....###.##..........##....#


You could see an endoplasm.

Vanquished Creatures
  An ice beast (D:3)
  The ghost of eooof the Conjurer, a weakling DgCj (D:3)
  Robin (D:2)
  4 gnolls
  4 adders
  An adder skeleton (D:3)
  A dart slug (D:2)
  An orc (D:3)
  2 bats
  3 endoplasms
  2 giant cockroaches
  7 hobgoblins
  7 jackals
  A quokka (D:2)
  6 ball pythons
  2 frilled lizards
  16 goblins
  4 kobolds
  5 rats
69 creatures vanquished.

Notes
Turn   | Place    | Note
-------+----------+-------------------------------------------
     0 | D:1      | SanguineChosen the Gargoyle Fighter began the quest for the
                  | Orb.
     0 | D:1      | Reached XP level 1. HP: 14/14 MP: 1/1
   304 | D:1      | Reached XP level 2. HP: 16/19 MP: 2/2
   559 | D:1      | You fall into a shaft and drop 1 floor!
   594 | D:2      | Noticed Robin
  1374 | D:2      | Reached XP level 3. HP: 23/23 MP: 3/3
  2079 | D:2      | Killed Robin
  2082 | D:2      | Reached XP level 4. HP: 23/29 MP: 4/4
  2791 | D:2      | Reached XP level 5. HP: 12/33 MP: 5/5
  3035 | D:3      | Found a transporter.
  3041 | D:3      | Noticed an ice beast
  3052 | D:3      | Killed an ice beast
  3053 | D:3      | Reached XP level 6. HP: 38/38 MP: 6/6
  3055 | D:3      | Found a faded altar of an unknown god.
  3089 | D:3      | Found an opulent altar of Gozag.
  3545 | D:3      | Found a transporter.
  3546 | D:3      | Noticed eooof's ghost (weakling DgCj)
  3693 | D:3      | Killed eooof's ghost
  3705 | D:3      | HP: 1/38 [frozen (1)]
  3707 | D:3      | Frozen to death by an endoplasm

Illustrated notes

Levels and vault maps discovered:
D:1:      dpeg_arrival_erosion, layout_basic, dk_noncrumbling_4
D:2:      layout_basic, uniq_robin
D:3:      layout_rooms, mainiacjoe_overflow_alcove_2, gammafunk_ghost_arena,
          ebering_ecumenical_altar_petrified, minmay_crystal_water

Skill      XL: |  1  2  3  4  5 |
---------------+----------------+-----
Maces & Flails | 3 4 |  4.8
Fighting       | 4 |  4.0
Armour         | 4 |  4.3
Dodging        | |  0.5
Stealth        | |  0.7
Shields        | |  3.8

Action                   |  1- 3 |  4- 6 || total
-------------------------+-------+-------++-------
Melee: Flail             |    76 |       ||    76
       Mace              |    58 |   135 ||   193
  Use: Potion            |       |     4 ||     4
Armor: Scale mail        |   137 |   109 ||   246
Dodge: Dodged            |   136 |    82 ||   218
Block: Buckler           |    57 |    41 ||    98
